 Dungeon Crawl Stone Soup version 0.27-a0-1381-g81fdcbfb23 (webtiles) character file.

Game seed: 18131348682002466189

744 Kinoniko the Cleaver (level 7, -2/57 HPs)
             Began as a Minotaur Berserker on June 30, 2021.
             Was a Priest of Trog.
             Slain by a gnoll (7 damage)
             ... on level 5 of the Dungeon.
             The game lasted 00:03:52 (3796 turns).

Kinoniko the Cleaver (Minotaur Berserker)           Turns: 3796, Time: 00:03:53

Health: -2/57      AC:  6    Str: 22    XL:     7   Next: 47%
Magic:  6/6        EV: 11    Int:  6    God:    Trog [***...]
Gold:   201        SH:  0    Dex:  9    Spells: 6/6 levels left

rFire    + . .     SeeInvis .   b - +2 executioner's axe (elec)
rCold    . . .     Faith    .   (shield currently unavailable)
rNeg     . . .     Spirit   .   m - +0 ring mail {rF+}
rPois    .         Reflect  .   (helmet restricted)
rElec    .         Harm     .   j - +0 cloak
rCorr    .         Rampage  .   (no gloves)
Will     .....                  (no boots)
Stlth    ..........             (no amulet)
HPRegen  0.19/turn              (no ring)
MPRegen  0.10/turn              (no ring)

@: lethally poisoned (-2 -> -3), on berserk cooldown, slowed, very slow
A: horns 2, retaliatory headbutt
a: Renounce Religion, Berserk, Trog's Hand


You were on level 5 of the Dungeon.
You worshipped Trog.
Trog was most pleased with you.
You visited 1 branch of the dungeon, and saw 5 of its levels.

You collected 201 gold pieces.

Inventory:

Hand Weapons
 a - a +0 hand axe
 b - a +2 executioner's axe of electrocution (weapon)
Missiles
 g - 8 atropa-tipped darts
Armour
 j - a +0 cloak (worn)
 m - a +0 ring mail of fire resistance (worn)
Jewellery
 l - a ring of wizardry
Scrolls
 d - a scroll of fear
 f - a scroll of teleportation
 i - a scroll of torment
Potions
 c - a potion of curing {unknown}
 e - 2 potions of heal wounds {unknown}
 h - a potion of cancellation {unknown}
 k - a potion of lignification {unknown}


   Skills:
 - Level 3.6 Fighting
 * Level 10.5 Axes
 - Level 2.4 Armour
 - Level 2.1 Dodging


You had 6 spell levels left.
You didn't know any spells.
Your spell library was empty.

Dungeon Overview and Level Annotations

Branches:
Dungeon (5/15)             Temple (0/1) D:4

Altars:
Dithmenos
Trog
Xom

Annotations:
D:3 1 runed translucent door, temitten's ghost, amateur SpEn


Innate Abilities, Weirdness & Mutations

You have a pair of horns on your head.
You reflexively headbutt those who attack you in melee.


Message History

The gnoll hits you from afar with a +0 spear.
Unknown command.
You slash the orc wizard! Your headbutt misses the orc wizard.
The orc wizard is severely wounded.
The gnoll hits you from afar with a +0 spear.
The orc wizard hits you with a +0 dagger.
The gnoll sergeant hits you from afar with a +0 spear!
* * * LOW HITPOINT WARNING * * *
The gnoll hits you from afar with a +0 spear!
* * * LOW HITPOINT WARNING * * *
You feel sick. The gnoll completely misses you. You furiously retaliate!
You headbutt the gnoll!!
You kill the gnoll!
Trog accepts your kill. The orc wizard casts a spell at you.
The magic dart hits you.
* * * LOW HITPOINT WARNING * * *
The gnoll sergeant closely misses you.
Items here: )) [ †.
Unknown command.
You closely miss the orc wizard.
The orc wizard is severely wounded.
You slash the gnoll! You slash the gnoll sergeant!
You feel sick. The gnoll misses you. The gnoll hits you with a +0 spear.
* * * LOW HITPOINT WARNING * * *
The orc wizard misses you.
Unknown command.
You closely miss the orc wizard.
You headbutt the orc wizard, but do no damage.
The orc wizard is severely wounded.
You slice the gnoll!!
You kill the gnoll!
Trog accepts your kill.
You hit the gnoll sergeant.
You are no longer berserk.
You are exhausted.
You feel yourself slow down.
You feel sick. The gnoll sergeant misses you. You furiously retaliate!
You headbutt the gnoll sergeant!
The gnoll hits you from afar with a +2 vampiric spear!
You die...

.. #.# #.# ##.# ###
... ..# #.# #.# # #
##)#####.###..#
#...##go...........##
#[...g)@!.....##.....
....##)$...?.........
........#####.##!#.##
####?.# #.# # #..#
#.# #..# #.# #..# #.#
##..#####.#
..........#


You could see a gnoll sergeant, an orc wizard and a gnoll.

Vanquished Creatures
  A sky beast (D:4)
  A black bear (D:4)
  A necrophage (D:4)
  3 scorpions (D:4)
  An orc priest (D:5)
  3 hounds
  An iguana (D:4)
  2 hound skeletons (D:4)
  4 gnolls (D:5)
  A howler monkey skeleton (D:4)
  An adder (D:3)
  An adder skeleton (D:2)
  A worm (D:3)
  10 orcs
  2 bat skeletons (D:2)
  A bat zombie (D:2)
  5 endoplasms
  A giant cockroach (D:3)
  4 goblins
  3 hobgoblins
  6 jackals
  3 kobolds
  5 quokkas
  3 ball pythons
  2 ball python zombies (D:2)
  8 bats
  5 frilled lizards
  A quokka skeleton (D:2)
  A quokka zombie (D:2)
  4 rats
85 creatures vanquished.

Notes
Turn   | Place    | Note
-------+----------+-------------------------------------------
     0 | D:1      | Kinoniko the Minotaur Berserker began the quest for the
                  | Orb.
     0 | D:1      | Reached XP level 1. HP: 19/19 MP: 0/0
    30 | D:1      | Reached skill level 4 in Axes
   162 | D:1      | Reached XP level 2. HP: 18/26 MP: 1/1
   780 | D:2      | Reached ** piety under Trog
   781 | D:2      | Reached skill level 5 in Axes
   797 | D:2      | Reached XP level 3. HP: 28/31 MP: 2/2
  1033 | D:2      | Found a faded altar of an unknown god.
  1491 | D:3      | Found a runed translucent door.
  1492 | D:3      | Noticed temitten's ghost (amateur SpEn)
  1681 | D:3      | Found a bloodstained altar of Trog.
  1681 | D:3      | Found a shadowy altar of Dithmenos.
  1775 | D:3      | Reached XP level 4. HP: 38/39 MP: 3/3
  1776 | D:3      | Reached skill level 6 in Axes
  1935 | D:3      | Found a shimmering altar of Xom.
  2370 | D:4      | Identified a scroll of acquirement
  2371 | D:4      | Acquired a +2 executioner's axe of electrocution
  2374 | D:4      | Reached XP level 5. HP: 45/45 MP: 4/4
  2469 | D:4      | Reached skill level 7 in Axes
  2682 | D:4      | Noticed a sky beast
  2686 | D:4      | Reached skill level 8 in Axes
  2686 | D:4      | Reached XP level 6. HP: 51/51 MP: 5/5
  2688 | D:4      | Killed a sky beast
  2769 | D:4      | Reached *** piety under Trog
  2770 | D:4      | Reached skill level 9 in Axes
  3066 | D:4      | Reached XP level 7. HP: 52/57 MP: 6/6
  3345 | D:4      | Reached skill level 10 in Axes
  3517 | D:4      | Found a staircase to the Ecumenical Temple.
  3766 | D:5      | Entered Level 5 of the Dungeon
  3796 | D:5      | Slain by a gnoll

Illustrated notes

Levels and vault maps discovered:
D:1:      ncdulo_lavacross, layout_basic
D:2:      layout_rooms, hellmonk_ecumenical_altar_arch_garden, serial_undead,
          serial_undead_a, serial_undead_e, serial_undead_d, serial_undead_e
D:3:      layout_basic, lemuel_crystal_altar, amethyst_overflow_temple_binary,
          ebering_ghost_reflecting_pool
D:4:      layout_layer_cave, minmay_temple_entry_hall
D:5:      minmay_diamond_boxcup, layout_loops_ring, kennysheep_little_box

Skill      XL: |  1  2  3  4  5  6  7 |
---------------+----------------------+-----
Axes           | 4 5 6 8 9 10 | 10.5
Fighting       | |  3.6
Armour         | |  2.4
Dodging        | |  2.1

Action                   |  1- 3 |  4- 6 |  7- 9 || total
-------------------------+-------+-------+-------++-------
Melee: Hand axe          |    88 |    31 |       ||   119
       Headbutt          |    14 |     9 |     2 ||    25
       Executioner's axe |       |    24 |    18 ||    42
Invok: Berserk           |     2 |     2 |     1 ||     5
  Use: Scroll            |     6 |     2 |     1 ||     9
Armor: Animal skin       |    11 |       |       ||    11
       Scale mail        |    27 |     1 |       ||    28
       Ring mail         |       |    21 |     7 ||    28
Dodge: Dodged            |    63 |    18 |    14 ||    95

Table legend: (Time is in decaauts)
 A = Elapsed time spent in this place.
 B = Non-inter-level travel time spent in this place.
 C = Inter-level travel time spent in this place.
 D = Time resting spent in this place.
 E = Time spent auto-exploring this place.
 F = Levels seen in this place.
 G = Mean time per level.
                   A        B        C        D        E       F      G
               +--------+--------+--------+--------+--------+-----+--------+
         Total |   3857 |   3799 |     58 |    615 |   2774 |   5 |  771.4 |
       Dungeon |   3857 |   3799 |     58 |    615 |   2774 |   5 |  771.4 |
               +--------+--------+--------+--------+--------+-----+--------+

Top non-repeatable levels by time:
     D:4: 1670 daAuts
     D:3: 840 daAuts
     D:1: 789 daAuts
     D:2: 527 daAuts
     D:5: 29 daAuts
